 Dungeon Crawl Stone Soup version 0.16-a0-2296-gdce89d5 (webtiles) character file.

9924 smajdalf the Brawler (level 11, -4/99 HPs)
             Began as a Ghoul Warper on Nov 13, 2014.
             Was an Elder of Kikubaaqudgha.
             Slain by a trapdoor spider zombie (6 damage)
             ... on level 11 of the Dungeon on Nov 16, 2014.
             The game lasted 00:58:29 (20567 turns).

smajdalf the Brawler (Ghoul Warper)                Turns: 20567, Time: 00:58:29

Health: -4/99      AC:  7    Str: 16    XL:     11   Next: 54%
Magic:  13/13      EV: 12    Int: 11    God:    Kikubaaqudgha [****..]
Gold:   588        SH:  0    Dex:  8    Spells: 4 memorised, 5 levels left

rFire  + . .     SeeInvis .       - Unarmed
rCold  + . .     Clarity  .     p - +2 robe {MR+}
rNeg   + + +     SustAb   .     (no shield)
rPois  +         Gourm    .     r - +1 helmet
rElec  .         Spirit   .     o - +0 cloak
rCorr  .         Warding  .     (no gloves)
rMut   .         Stasis   .     (no boots)
MR     +....                    (no amulet)
Stlth  +.........               t - ring of protection from fire
                                m - ring of wizardry (curse)

@: rotting, somewhat resistant to hostile enchantments, very unstealthy
A: rotting body, claws 1, carnivore 3, cold resistance 1, negative energy
resistance 3, poison resistance, slow healing 1, torment resistance, unbreathing
a: Receive Corpses, Renounce Religion


You were on level 11 of the Dungeon.
You worshipped Kikubaaqudgha.
Kikubaaqudgha was greatly pleased with you.
You were not hungry.

You visited 2 branches of the dungeon, and saw 12 of its levels.

You collected 588 gold pieces.

Inventory:

Hand weapons
 D - a +4 quarterstaff of chaos
Missiles
 e - 5 tomahawks of dispersal
 x - 3 javelins (quivered)
Armour
 o - a +0 cloak (worn)
 p - a +2 robe of magic resistance (worn)
 r - a +1 helmet (worn)
Jewellery
 m - a cursed ring of wizardry (left claw)
 s - a +6 ring of dexterity {unknown}
 t - a ring of protection from fire (right claw)
 u - an uncursed ring of fire
 L - an uncursed ring of see invisible
Magical devices
 k - a wand of disintegration (15)
 C - a wand of cold (0)
 H - a wand of enslavement (11)
 J - a wand of confusion (11)
 M - a wand of confusion (28)
 N - a wand of enslavement (8)
Scrolls
 a - 4 scrolls of amnesia
 d - 3 scrolls of blinking
 g - 12 scrolls of identify
 j - 2 scrolls of enchant armour
 l - a scroll of enchant weapon
 n - 4 scrolls of remove curse
Potions
 v - a potion of agility
 B - 3 potions of curing
Books
 c - a book of Spatial Translocations

   Spells                             Type                      Level
   *Apportation                       Translocation                1
   *Blink                             Translocation                2
   *Shroud of Golubria                Charms/Translocation         2
   Portal Projectile                  Translocation                3
   Teleport Other                     Translocation                3
   Passage of Golubria                Translocation                4
 h - Kikubaaqudgha's Papyrus of Darkness
   (Kikubaaqudgha gifted it to you on level 4 of the Dungeon)

   Spells                             Type                      Level
   Animate Skeleton                   Necromancy                   1
   Pain                               Necromancy                   1
   Corpse Rot                         Necromancy                   2
   *Regeneration                      Charms/Necromancy            3
   Control Undead                     Necromancy                   4
 y - a book of Conjurations

   Spells                             Type                      Level
   Magic Dart                         Conjuration                  1
   Searing Ray                        Conjuration                  2
   Dazzling Spray                     Conjuration/Hexes            3
   Fulminant Prism                    Conjuration/Hexes            4
   Iskenderun's Mystic Blast          Conjuration                  4
   Iskenderun's Battlesphere          Conjuration/Charms           5
 z - a book of Dreams

   Spells                             Type                      Level
   Ensorcelled Hibernation            Hexes/Ice                    2
   Flight                             Charms/Air                   3
   Phase Shift                        Translocation                5
   Shadow Creatures                   Summoning                    5
   Mass Confusion                     Hexes                        6
   Darkness                           Hexes                        7
 G - Kikubaaqudgha's Catalogue of Evil Rituals
   (Kikubaaqudgha gifted it to you on level 7 of the Dungeon)

   Spells                             Type                      Level
   Animate Dead                       Necromancy                   4
   Excruciating Wounds                Charms/Necromancy            5
   Agony                              Necromancy                   5
   Dispel Undead                      Necromancy                   5
   Death Channel                      Necromancy                   6
 I - the Collected Works on Talismans and the Traveller
   (You found it on level 8 of the Dungeon)

   Spells                             Type                      Level
   Infusion                           Charms                       1
   Portal Projectile                  Translocation                3
   Warp Weapon                        Charms/Translocation         5
   Summon Forest                      Summoning/Translocation      5
   Haste                              Charms                       6
Miscellaneous
 O - a phial of floods (inert, charging)
Comestibles
 b - 7 meat rations
 f - 11 beef jerkies
 i - 5 chunks of flesh
 A - 2 slices of pizza


   Skills:
 + Level 9.6 Fighting
 - Level 0.8 Throwing
 - Level 0.8 Armour
 - Level 1.7 Dodging
 - Level 16.1 Unarmed Combat
 - Level 1.7 Spellcasting
 - Level 2.6 Translocations


You had 5 spell levels left.
You knew the following spells:

 Your Spells              Type           Power        Failure   Level  Hunger
a - Apportation           Tloc           #.........   4%          1    ##.....
b - Blink                 Tloc           N/A          7%          2    ###....
c - Shroud of Golubria    Chrm/Tloc      #.........   12%         2    ###....
d - Regeneration          Chrm/Necr      #.........   58%         3    ####...


Dungeon Overview and Level Annotations

Branches:
Dungeon (11/15)            Temple (1/1) D:4            Lair (0/8) D:9
    Orc (0/4) D:10

Altars:
Ashenzari
Cheibriados
Dithmenos
Elyvilon
Fedhas
Gozag
Kikubaaqudgha
Makhleb
Nemelex Xobeh
Okawaru
Qazlal
Ru
Sif Muna
Trog
Vehumet
Xom
Yredelemnul
Zin
The Shining One


Innate Abilities, Weirdness & Mutations

Your body is rotting away.
You thrive on raw meat.
You have sharp fingernails.
You are carnivorous and can eat meat at any time.
Your flesh is cold resistant.
You are immune to negative energy.
Your system is resistant to poisons.
You heal slowly when monsters are visible.
You are immune to unholy pain and torment.
You can survive without breathing.


Message History

You kill the centaur!
Kikubaaqudgha accepts your kill. The trapdoor spider zombie bites you!
* * * LOW HITPOINT WARNING * * *
Unknown command.
You barely miss the trapdoor spider zombie.
The trapdoor spider zombie barely misses you.
You scratch the trapdoor spider zombie. The trapdoor spider zombie bites you!
* * * LOW HITPOINT WARNING * * *
Unknown command.
Press: ? - help, v - describe, . - travel, g - get item
Here: a trapdoor spider zombie An arrow.
The floor.
Items here: ( )) † an uncursed shortbow; a shortbow; 37 arrows; a centaur corpse The trapdoor spider zombie bites you but does no damage.
The trapdoor spider zombie bites you.
You die...
Kikubaaqudgha rasps: "You have failed me!
Welcome... oblivion!"

... .......# ......#
## ........#
.###########........#
....................#
...............#....#
...............#....#
......#..# #...#@...#
......#..###...#Z...#
...............#....#
..............(#....#
..............(#....#
...<..........))....#
..............((....#
#####################


You could see a trapdoor spider zombie.

Vanquished Creatures
  Nergalle (D:10)
  Erolcha (D:10)
  2 hill giants
  A komodo dragon (D:11)
  3 trolls
  A deep elf mage (D:11)
  A wyvern (D:9)
  A hippogriff (D:9)
  4 hungry ghosts
  Menkaure (D:5)
  A swamp drake (D:10)
  2 sky beasts (D:8)
  2 ice beasts
  A black bear (D:6)
  A crocodile (D:11)
  3 orc warriors
  A phantom (D:10)
  8 ogres
  Sigmund (D:4)
  2 big kobolds (D:7)
  9 centaurs
  Blork the orc (D:4)
  8 giant frogs
  2 wyvern skeletons
  3 scorpions
  14 killer bees
  2 yellow wasp zombies
  A goliath beetle (D:5)
  A gnoll shaman (D:5)
  5 hounds
  Crazy Yiuf (D:7)
  6 crimson imps
  A jelly (D:9)
  8 worker ants
  5 orc priests
  3 giant frog skeletons
  3 iguanas
  A spectral orc (D:10)
  8 orc wizards
  A killer bee zombie (D:10)
  Ijyb (D:2)
  2 hound skeletons
  A mummy (D:9)
  A worker ant zombie (D:7)
  17 adders
  6 gnolls
  3 giant mites
  6 shadow imps
  3 worms
  7 giant geckos
  53 orcs
  4 ball pythons
  28 goblins
  22 hobgoblins
  21 jackals
  6 quokkas
  28 bats
  6 giant cockroaches
  4 giant newts
  28 kobolds
  14 rats
382 creatures vanquished.

Vanquished Creatures (collateral kills)
  A shadow imp (D:10)
1 creature vanquished.

Grand Total: 383 creatures vanquished

Notes
Turn   | Place    | Note
--------------------------------------------------------------
     0 | D:1      | smajdalf, the Ghoul Warper, began the quest for the Orb.
     0 | D:1      | Reached XP level 1. HP: 17/17 MP: 2/2
    73 | D:1      | Reached skill level 3 in Unarmed Combat
    73 | D:1      | Reached XP level 2. HP: 15/24 MP: 3/3
   243 | D:1      | Reached XP level 3. HP: 8/29 MP: 5/5
   448 | D:1      | Reached skill level 4 in Unarmed Combat
  1151 | D:2      | Reached XP level 4. HP: 32/32 MP: 5/5
  1442 | D:2      | Reached skill level 5 in Unarmed Combat
  1723 | D:2      | Found a snail-covered altar of Cheibriados.
  1784 | D:2      | Noticed Ijyb
  1814 | D:2      | Killed Ijyb
  1814 | D:2      | Reached XP level 5. HP: 33/40 MP: 6/6
  1920 | D:2      | Learned a level 2 spell: Blink
  1923 | D:2      | Learned a level 2 spell: Shroud of Golubria
  2217 | D:2      | Found a snail-covered altar of Cheibriados.
  2857 | D:2      | Found a snail-covered altar of Cheibriados.
  3377 | D:3      | Reached skill level 6 in Unarmed Combat
  3701 | D:3      | Reached XP level 6. HP: 48/48 MP: 8/8
  3901 | D:3      | HP: 1/48 [quokka (4)]
  3983 | D:3      | Reached skill level 7 in Unarmed Combat
  5193 | D:4      | Found a staircase to the Ecumenical Temple.
  5202 | Temple   | Entered the Ecumenical Temple
  5460 | D:4      | Found an ancient bone altar of Kikubaaqudgha.
  5461 | D:4      | Found a glowing golden altar of the Shining One.
  5465 | D:4      | Found a stormy altar of Qazlal.
  5493 | D:4      | Became a worshipper of Kikubaaqudgha
  5582 | D:4      | Reached XP level 7. HP: 45/55 MP: 8/8
  5597 | D:4      | Reached skill level 8 in Unarmed Combat
  5685 | D:4      | Noticed Blork the orc
  5705 | D:4      | Killed Blork the orc
  6106 | D:4      | Reached skill level 9 in Unarmed Combat
  6328 | D:4      | Noticed Sigmund
  6334 | D:4      | Killed Sigmund
  6500 | D:5      | Entered Level 5 of the Dungeon
  6920 | D:4      | Acquired Kikubaaqudgha's first power
  6920 | D:4      | Received a gift from Kikubaaqudgha
  6921 | D:4      | Identified Kikubaaqudgha's Papyrus of Darkness (Kikubaaqudgha gifted it to you on level 4 of the Dungeon)
  6927 | D:4      | Learned a level 3 spell: Regeneration
  6938 | D:5      | Reached XP level 8. HP: 51/60 MP: 10/10
  7297 | D:5      | Found an opulent altar of Gozag.
  7402 | D:5      | Reached skill level 10 in Unarmed Combat
  7479 | D:5      | Noticed Menkaure
  7487 | D:5      | Killed Menkaure
  7741 | D:5      | Upgraded the game from 0.16-a0-2145-g6af420d to 0.16-a0-2296-gdce89d5
  7837 | D:5      | Reached skill level 5 in Fighting
  8602 | D:5      | Found an opulent altar of Gozag.
  8870 | D:5      | Reached XP level 9. HP: 70/76 MP: 11/11
  9678 | D:6      | Reached skill level 11 in Unarmed Combat
 10385 | D:6      | Acquired Kikubaaqudgha's second power
 10857 | D:7      | Reached skill level 12 in Unarmed Combat
 11399 | D:7      | Noticed Crazy Yiuf
 11403 | D:7      | Killed Crazy Yiuf
 12104 | D:7      | Received a gift from Kikubaaqudgha
 12141 | D:7      | Identified Kikubaaqudgha's Catalogue of Evil Rituals (Kikubaaqudgha gifted it to you on level 7 of the Dungeon)
 13526 | D:7      | Reached XP level 10. HP: 48/88 MP: 11/11
 14134 | D:8      | Reached skill level 13 in Unarmed Combat
 14181 | D:8      | Identified the Collected Works on Talismans and the Traveller
 14468 | D:8      | HP: 4/88 [killer bee (6)]
 14734 | D:8      | Found a burning altar of Makhleb.
 15247 | D:8      | Found a burning altar of Makhleb.
 15940 | D:9      | Acquired Kikubaaqudgha's third power
 16091 | D:9      | HP: 3/88 [troll (3)]
 16092 | D:9      | Reached skill level 14 in Unarmed Combat
 16368 | D:9      | Found a staircase to the Lair.
 17090 | D:9      | Found a staircase to the Lair.
 17868 | D:10     | Entered Level 10 of the Dungeon
 18204 | D:10     | Noticed Nergalle
 18478 | D:10     | Killed Nergalle
 18478 | D:10     | Reached skill level 15 in Unarmed Combat
 18779 | D:10     | Reached XP level 11. HP: 88/92 MP: 13/13
 18811 | D:10     | Noticed Erolcha
 18859 | D:10     | Killed Erolcha
 18957 | D:10     | Found a staircase to the Orcish Mines.
 19302 | D:10     | Noticed a hill giant
 19310 | D:10     | Killed a hill giant
 19310 | D:10     | Reached skill level 16 in Unarmed Combat
 19913 | D:10     | Found a staircase to the Orcish Mines.
 20183 | D:11     | Noticed a hill giant
 20193 | D:11     | Killed a hill giant
 20333 | D:11     | Noticed a centaur warrior
 20358 | D:11     | HP: 4/97 [centaur warrior (6)]
 20557 | D:11     | HP: 4/97 [trapdoor spider zombie (2)]
 20561 | D:11     | HP: 1/99 [trapdoor spider zombie (11)]
 20567 | D:11     | Slain by a trapdoor spider zombie

Action                   |  1- 3 |  4- 6 |  7- 9 | 10-12 || total
-------------------------+-------+-------+-------+-------++-------
Melee: Unarmed           |   160 |   339 |   555 |   459 ||  1513
Throw: Javelin           |       |       |       |     2 ||     2
Evoke: Wand              |       |       |       |    13 ||    13
       Phial of floods   |       |       |       |     1 ||     1
  Use: Potion            |     1 |     1 |     5 |    11 ||    18
       Scroll            |       |     3 |       |    11 ||    14
 Stab: Confused          |       |       |       |     1 ||     1
  Eat: Chunk             |    21 |    52 |    83 |    81 ||   237
